AoeStats
← Groove7731

Arabia

510135617Analyzed
1v1 RM · 3d ago on Sep 29, 2026· 41m 14s· 2 players
Game mode
Random Map
Map size
Tiny (2 player)
Population
200
Speed
Normal
Resources
Standard
Victory
Conquest
Starting age
Dark Age
Ending age
Imperial Age
RankedLock teamsTeams togetherTeam positionsShared explorationLock speedFull tech treeHidden civsTurbo modeCheats
Victory
Defeat
🇦🇺 Magyars · Australia
1363
+17
🇺🇸 Turks · United States
1390
-17
Civ_Picker
6:38 Loom
9:29 Feudal Age
10:51 Double-Bit Axe
10:48 Horse Collar
15:00 Scale Barding Armor
21:08 Castle Age
20:05 Bloodlines
21:16 Light Cavalry
24:28 Husbandry
25:23 Chain Barding Armor
26:21 Bow Saw
26:05 Gold Mining
41:03 Imperial Age
Groove7731
4:47 Loom
7:30 Loom
9:22 Feudal Age
10:29 Double-Bit Axe
21:28 Castle Age
19:47 Stone Mining
21:01 Horse Collar
21:12 Gold Mining
21:32 Padded Archer Armor
24:43 Wheelbarrow
23:53 Town Watch
25:47 Fletching
30:15 Bodkin Arrow
38:23 Murder Holes
38:49 Ballistics
Connection lost

Rejoining the realm…

Still unreachable

The connection could not be restored.

Session expired

The server has moved on; the page needs a fresh start.